 Dungeon Crawl Stone Soup version 0.21.1-1-g345015f (webtiles) character file.

581 chorionicmirror the Cleaver (level 7, -6/63 HPs)
             Began as a Hill Orc Berserker on June 21, 2018.
             Was an Initiate of Beogh.
             Mangled by an iguana (7 damage)
             ... on level 7 of the Dungeon.
             The game lasted 00:15:04 (6293 turns).

chorionicmirror the Cleaver (Hill Orc Berserker)    Turns: 6293, Time: 00:15:05

Health: -6/63      AC:  5    Str: 20 (22) XL:     7   Next: 36%
Magic:  0/7        EV: 16    Int:  7      God:    Beogh [......]
Gold:   233        SH:  0    Dex: 12 (15) Spells: 6/6 levels left

rFire    x . .     SeeInvis .   a - +1 hand axe
rCold    + . .     Gourm    .   (no shield)
rNeg     . . .     Faith    .   d - +0 ring mail
rPois    .         Spirit   +   (no helmet)
rElec    .         Reflect  .   l - scarf {Spirit}
rCorr    .         Harm     .   (no gloves)
MR       .....                  (no boots)
Stlth    ++........             (no amulet)
HPRegen  0.20/turn              (no ring)
MPRegen  0.10/turn              h - ring of ice

@: agile, very slightly contaminated
A: no striking features
a: Renounce Religion


You were on level 7 of the Dungeon.
You worshipped Beogh.
Beogh was noncommittal.
You were hungry.

You visited 1 branch of the dungeon, and saw 7 of its levels.
You also visited: Sewer.

You collected 233 gold pieces.

Inventory:

Hand Weapons
 a - a +1 hand axe (weapon)
Armour
 d - a +0 ring mail (worn)
 l - a scarf of spirit shield (worn)
Jewellery
 h - a ring of ice (right hand)
Wands
 f - a wand of flame (24)
Scrolls
 b - 4 scrolls of identify
 g - 3 scrolls of magic mapping
 j - 3 scrolls of fog
 m - a scroll of teleportation
 o - 3 scrolls of immolation
 q - a scroll of remove curse
 r - a scroll of enchant weapon
Potions
 e - 2 potions of cancellation
 k - 2 potions of flight
 s - a potion of might {unknown}
Comestibles
 c - 8 rations


   Skills:
 * Level 6.0 Fighting
 * Level 8.6 Axes
 - Level 3.1 Armour
 - Level 2.0 Dodging
 + Level 0.9 Stealth


You had 6 spell levels left.
You didn't know any spells.

Dungeon Overview and Level Annotations

Branches:
Dungeon (8/15)
 Temple: D:4-7         Lair: D:8-11

Altars:
Okawaru
Qazlal
Ru
Trog
Wu Jian
Xom
Zin


Message History

The centaur is heavily wounded.
The centaur hits you.
* * * LOW HITPOINT WARNING * * *
Okay, then.
Okay, then.
You hit the centaur.
The centaur is heavily wounded.
The centaur completely misses you. The centaur closely misses you.
You hit the centaur.
The centaur is severely wounded.
You hit the iguana. The centaur hits you.
* * * LOW HITPOINT WARNING * * *
The centaur wields an uncursed shortbow.
The centaur shoots an arrow.
The arrow hits you.
* * * LOW HITPOINT WARNING * * *
You see here an arrow.
It was a potion of agility.
You feel agile all of a sudden. The iguana bites you!
You die...

.##.........#
$.........>#
#.......(.#
#.........+
##.......o.#..
#..).......oo..
#.####.†##.#....
####.o##.+....
#.@lc.#### o..
#.##..# ### #.
#..# #. ...# ##
##.# .# .# ..


You could see a centaur, an iguana, an orc and a neutral orc priest (wandering).

Vanquished Creatures
  Purgy (Sewer)
  An ice beast (D:8)
  A sky beast (D:8)
  A howler monkey (D:5)
  A hound (D:4)
  An iguana (D:4)
  A worker ant (D:4)
  7 adders
  A shadow imp (D:3)
  3 oozes
  An adder skeleton (D:5)
  A worm (D:2)
  2 dart slugs
  8 leopard geckos
  2 orcs
  2 ball pythons (Sewer)
  6 bats
  7 giant cockroaches
  3 goblins
  7 hobgoblins
  10 jackals
  5 quokkas
  8 frilled lizards
  A jackal skeleton (D:4)
  7 kobolds
  A leopard gecko skeleton (D:4)
  8 rats
97 creatures vanquished.

Vanquished Creatures (others)
  2 orcs (D:7)
2 creatures vanquished.

Grand Total: 99 creatures vanquished

Notes
Turn   | Place    | Note
-------+----------+-------------------------------------------
     0 | D:1      | chorionicmirror the Hill Orc Berserker began the quest for the Orb.
     0 | D:1      | Reached XP level 1. HP: 19/19 MP: 1/1
   349 | D:1      | Reached XP level 2. HP: 14/27 MP: 2/2
   852 | D:1      | Reached XP level 3. HP: 17/34 MP: 3/3
  1509 | D:2      | Found an ornate altar of the Wu Jian Council.
  1596 | D:2      | Reached ** piety under Trog
  1596 | D:2      | Reached skill level 5 in Axes
  1774 | D:2      | Found a sacrificial altar of Ru.
  1838 | D:2      | Reached XP level 4. HP: 32/41 MP: 4/4
  2511 | D:3      | Found an iron altar of Okawaru.
  2594 | D:3      | Found a glowing drain.
  2869 | Sewer    | Entered a sewer
  3077 | Sewer    | Noticed Purgy
  3090 | Sewer    | Killed Purgy
  3090 | Sewer    | Reached skill level 6 in Axes
  3090 | Sewer    | Reached XP level 5. HP: 11/47 MP: 5/5
  3442 | D:3      | Reached XP level 6. HP: 36/55 MP: 2/6
  3450 | D:3      | Reached skill level 5 in Fighting
  4060 | D:3      | Reached *** piety under Trog
  4060 | D:3      | Reached skill level 7 in Axes
  4632 | D:4      | Found a glowing silver altar of Zin.
  5457 | D:4      | Found a shimmering altar of Xom.
  5514 | D:4      | Found a stormy altar of Qazlal.
  6004 | D:5      | Entered Level 5 of the Dungeon
  6232 | D:5      | You fall through a shaft for 3 floors!
  6232 | D:8      | Noticed a sky beast
  6243 | D:8      | Killed a sky beast
  6243 | D:8      | Reached skill level 8 in Axes
  6243 | D:8      | Reached XP level 7. HP: 62/62 MP: 4/7
  6253 | D:8      | Noticed a two-headed ogre
  6277 | D:7      | Found a bloodstained altar of Trog.
  6286 | D:7      | Fell from the grace of Trog
  6286 | D:7      | Became a worshipper of Beogh the Brigand
  6292 | D:7      | HP: 1/63 [centaur/arrow (5)]
  6293 | D:7      | Mangled by an iguana

Skill      XL: |  1  2  3  4  5  6  7 |
---------------+----------------------+-----
Fighting       | 4 5 6 |  6.0
Axes           | 5 6 8 |  8.6
Armour         | 3 |  3.1
Dodging        | 2 |  2.0
Stealth        | |  0.9

Action                   |  1- 3 |  4- 6 |  7- 9 || total
-------------------------+-------+-------+-------++-------
Melee: Hand axe          |   156 |   253 |    22 ||   431
Invok: Berserk           |       |     2 |       ||     2
       Trog's Hand       |       |     1 |     1 ||     2
       Convert to Beogh  |       |       |     1 ||     1
  Use: Scroll            |     3 |     6 |     2 ||    11
       Potion            |       |     5 |     1 ||     6
  Eat: Chunk             |     3 |     2 |     1 ||     6
       Ration            |       |     4 |       ||     4
Armor: Animal skin       |     5 |       |       ||     5
       Ring mail         |    23 |    40 |     7 ||    70
Dodge: Dodged            |   104 |   145 |    19 ||   268
